 Dungeon Crawl Stone Soup version 0.31-a0-1074-g0b22e4e0f1 (webtiles) character file.

Game seed: 11435727465532577927

11496 avis the Nimble (level 11, 0/47 HPs)
             Began as a Felid Shapeshifter on Nov 30, 2023.
             Slain by a centaur warrior
             ... wielding the +9 broad axe "Haqumn" {heavy, Contam rF+ Int+6}
              (29 damage)
             ... on level 10 of the Dungeon on Dec 2, 2023.
             The game lasted 01:38:17 (13038 turns).

avis the Nimble (Felid Shapeshifter)               Turns: 13038, Time: 01:38:17

Health: 0/47       AC:  8    Str: 10    XL:     11   Next: 50%
Magic:  15/18      EV: 33    Int: 14    God:
Gold:   651        SH:  0    Dex: 18    Spells: 6/18 levels left
                                        Lives:  0   Deaths: 4

rFire   . .          .
                       - Unarmed
rCold   . . .        (shield unavailable)
rNeg    . . .        (body armour unavailable)
rPois   .            (helmet unavailable)
rElec   .            (cloak unavailable)
rCorr   .            (gloves unavailable)
SInv    +            (boots unavailable)
Will    +....        (no amulet)
Stlth   +            d - ring of wizardry
HPRegen 0.27/turn    x - +5 ring of evasion
MPRegen 0.16/turn

%: wizardry (x1)
@: ice-armoured, flux-form, glowing, studying Stealth, quick
A: glow, contaminating, very small, claws 1, fangs 3, see invisible, speed 1,
shaggy fur 2, stealthy paws, no weapons or thrown items, no armour, multi-lived
a: Begin Untransformation


You were on level 10 of the Dungeon.
You were something dangerously unstable.
You visited 2 branches of the dungeon, and saw 11 of its levels.

You collected 651 gold pieces.

Inventory:

Jewellery
 d - a ring of wizardry (left paw)
 e - an amulet of faith
 g - a ring of flight
 x - a +5 ring of evasion (right paw)
Talismans
 b - a beast talisman
 f - a flux talisman (active)
Wands
 a - a wand of mindburst (18)
 p - a wand of charming (7)
 t - a wand of digging (2)
 y - a wand of quicksilver (7)
Scrolls
 c - 6 scrolls of teleportation {unknown}
 h - 2 scrolls of identify
 i - a scroll of fear
 l - 3 scrolls of enchant armour {unknown}
 n - 2 scrolls of amnesia {unknown}
 r - a scroll of enchant weapon {unknown}
Potions
 j - a potion of heal wounds
 k - a potion of might
 m - a potion of mutation {unknown}
 o - 3 potions of invisibility
 q - a potion of lignification
 s - 3 potions of magic
 u - 4 potions of curing
 v - a potion of cancellation
 w - 2 potions of resistance


   Skills:
 - Level 5.0 Fighting
 * Level 14.6 Dodging
 - Level 4.0 Stealth
 - Level 3.0 Unarmed Combat
 - Level 4.0 Spellcasting
 - Level 4.0 Hexes
 - Level 4.0 Summonings
 - Level 10.0 Translocations
 - Level 4.0 Ice Magic
 - Level 9.0 Shapeshifting


You had 6 spell levels left.
You knew the following spells:

 Your Spells              Type           Power      Damage    Failure   Level
b - Blink                 Tloc           60%        N/A       1%          2
g - Summon Guardian Gole  Hex/Summ       14%        N/A       4%          3
m - Manifold Assault      Tloc           30%        N/A       1%          4
o - Ozocubu's Armour      Ice            14%        N/A       4%          3

Your spell library contained the following spells:

 Spells                   Type           Power      Damage    Failure   Level
 Orb of Destruction       Conj           1%         9d5       100%        7
 Ozocubu's Refrigeration  Ice            7%         4d9       100%        7
 Spellforged Servitor     Conj/Summ      4%         N/A       100%        7


Dungeon Overview and Level Annotations

Branches:
Dungeon (10/15)            Temple (1/1) D:7            Lair (0/5) D:9
    Orc (0/2) D:10

Altars:
Cheibriados
Dithmenos
Elyvilon
Fedhas
Hepliaklqana
Kikubaaqudgha
Nemelex Xobeh
Okawaru
Qazlal
Ru
Sif Muna
Trog
Uskayaw
Vehumet
Wu Jian
Xom
Yredelemnul

Shops:
D:5 *

Annotations:
D:3 3 runed translucent doors, pigah's ghost, amateur OpSh
D:6 3 runed translucent doors, bmb222's ghost, novice MiFi


Innate Abilities, Weirdness & Mutations

You are something dangerously unstable.
You glow with magical radiation, making you easy to see and hit.
Foes you strike become dangerously contaminated with magical radiation.
You have sharp claws.
You have razor-sharp teeth.
You have supernaturally acute eyesight. (SInv)
You cover ground quickly. (Speed+)
You are covered in thick fur. (AC +2)
Your paws help you pounce on unaware monsters.
You are incapable of wielding weapons or throwing items.
You cannot wear armour.
You gain extra lives every three experience levels.


Message History

Aim: a centaur warrior, wielding a +0 shortbow and quivering stones (lightly wounded, chance to affect: 47%)
The centaur warrior's mind is blasted!
The centaur warrior throws a stone.
The stone hits you!!
* * * LOW HITPOINT WARNING * * *
Aiming: Mindburst
Press: ? - help, Shift-Dir - straight line, f/p - centaur warrior
Aim: a centaur warrior, wielding a +0 shortbow and quivering stones (moderately wounded, chance to affect: 47%)
The centaur warrior's mind is blasted!
The centaur warrior throws a stone.
The stone misses you.
Aiming: Mindburst
Press: ? - help, Shift-Dir - straight line, f/p - centaur warrior
Aim: a centaur warrior, wielding a +0 shortbow and quivering stones (heavily wounded, chance to affect: 47%)
The centaur warrior resists with some effort.
The centaur warrior shoots an arrow.
The arrow hits you!
You die...
Your shape twists and changes as you die.
The centaur warrior throws a stone.
The stone closely misses you.
You rejoin the land of the living...
Found a wand of quicksilver (3).
Found an ornate altar of the Wu Jian Council.
y - a wand of quicksilver (7) (gained 3 charges)
Okay, then.
A centaur warrior is nearby!
Casting: Blink (safe; 1% risk of failure)
Confirm with . or Enter, or press ? or * to list all spells.
A film of ice covers your body!
The centaur warrior unwields a +0 shortbow.
The centaur warrior wields the +9 broad axe "Haqumn" {heavy, Contam rF+ Int+6}.
The centaur warrior closely misses you.
The centaur warrior kicks you but does no damage.
You scratch the centaur warrior.
The centaur warrior begins to glow.
The centaur warrior is heavily wounded.
The centaur warrior hits you with the +9 broad axe "Haqumn" {heavy, Contam rF+ Int+6}!!
The centaur warrior kicks you but does no damage.
You scratch the centaur warrior.
The centaur warrior glows dangerously bright.
The centaur warrior is heavily wounded.
The centaur warrior hits you with the +9 broad axe "Haqumn" {heavy, Contam rF+ Int+6}!!
Ouch! That really hurt!
You die...

##### #..#...#....#....
##...###..#((.#.####....
##.....##..#####.####....
###.......#..........####.#
#....._...#...._......>....
#.#.......#.#........####.#
#.##.....##..........####.#
#..##...##.c.##......#.....
##..######p#.##............
##........#.<.............
###########..............
##......###.....
#...............
#...............
#.......c.......
####†##..#......
#........##...


You could see a centaur warrior (heavy contam) and 2 dancing weapons.

Vanquished Creatures
  Gastronok (D:8)
  A two-headed ogre (D:8)
  Psyche (D:7)
  A yaktaur (D:10)
  A slime creature (D:10)
  A shadow (D:9)
  A wyvern (D:9)
  A wraith (D:7)
  A vampire mosquito (D:10)
  Duvessa (D:4)
  A water moccasin (D:7)
  An orc warrior (D:10)
  3 black bears
  A centaur (D:8)
  3 phantoms
  8 bullfrogs
  4 scorpions
  Dowan (D:4)
  A killer bee (D:10)
  A jelly (D:5)
  2 howler monkeys
  3 orc priests
  3 iguanas
  Jessica (D:3)
  Ijyb (D:3)
  6 orc wizards
  2 gnolls
  7 adders
  2 ufetubi (D:6)
  3 worms
  6 dart slugs
  17 orcs
  3 endoplasms
  2 giant cockroaches
  3 goblins
  4 hobgoblins
  4 jackals (D:1)
  14 kobolds
  3 quokkas
  5 ball pythons
  5 bats
  5 frilled lizards
  9 rats
144 creatures vanquished.

Vanquished Creatures (others)
  A ghoul (D:1)
  Erica (D:8)
  A two-headed ogre (D:9)
  Amaemon (D:7)
  Pikel (D:8)
  2 octopodes (D:1)
  An orange demon (D:8)
  Maggie (D:6)
  A troll (D:8)
  A merfolk (D:1)
  2 spriggans (D:1)
  3 wyverns
  A human (D:1)
  7 yaks
  4 nagas (D:1)
  3 water moccasins
  An orc warrior (D:9)
  2 black bears (D:9)
  An ice beast (D:7)
  A dwarf (D:1)
  2 ogres (D:5)
  2 lemures
  A felid (D:1)
  2 kobold brigands
  3 bullfrogs (D:9)
  A gnoll sergeant (D:8)
  5 wights
  A howler monkey (D:9)
  2 jellies
  2 gnoll boudas
  An orc priest (D:7)
  2 sleepcaps
  2 iguanas (D:6)
  An orc wizard (D:5)
  10 gnolls
  An adder (D:6)
  15 orcs
  6 kobolds
  5 tentacles (D:1)
100 creatures vanquished.

Grand Total: 244 creatures vanquished

Notes
Turn   | Place    | Note
-------+----------+-------------------------------------------
     0 | D:1      | avis the Felid Shapeshifter began the quest for the Orb.
     0 | D:1      | Reached XP level 1. HP: 9/9 MP: 2/2
     2 | D:1      | Noticed a merfolk
     2 | D:1      | Noticed an octopode
     2 | D:1      | Noticed a spriggan
     2 | D:1      | Noticed a felid
     2 | D:1      | Noticed a ghoul
     2 | D:1      | Noticed a kraken
     2 | D:1      | Noticed a human
     2 | D:1      | Noticed a spriggan
     2 | D:1      | Noticed a dwarf
     2 | D:1      | Noticed an octopode
     2 | D:1      | Noticed a naga
     2 | D:1      | Noticed a naga
     2 | D:1      | Noticed a naga
     2 | D:1      | Noticed a naga
     6 | D:1      | Killed a spriggan
     6 | D:1      | Killed an octopode
     6 | D:1      | Killed a merfolk
     7 | D:1      | Killed a dwarf
     7 | D:1      | Killed a felid
     8 | D:1      | Killed a naga
     9 | D:1      | Killed a human
     9 | D:1      | Killed an octopode
    10 | D:1      | Killed a naga
    11 | D:1      | Killed a naga
    13 | D:1      | Killed a naga
    14 | D:1      | Killed a ghoul
    15 | D:1      | Killed a spriggan
   101 | D:1      | Reached XP level 2. HP: 8/13 MP: 3/3
   220 | D:1      | Reached skill level 3 in Dodging
   661 | D:2      | Reached XP level 3. HP: 10/16 MP: 4/4
  1002 | D:2      | Noticed a black bear
  1010 | D:2      | Killed a black bear
  1011 | D:2      | Reached skill level 5 in Dodging
  1011 | D:2      | Reached XP level 4. HP: 21/21 MP: 5/5
  1066 | D:2      | Reached XP level 5. HP: 24/24 MP: 6/6
  1306 | D:2      | Learned a level 3 spell: Summon Guardian Golem
  1581 | D:3      | Noticed Jessica
  1586 | D:3      | Killed Jessica
  1587 | D:3      | Reached skill level 6 in Dodging
  1698 | D:3      | Noticed Ijyb
  1742 | D:3      | HP: 1/24 [disintegration (15)]
  1743 | D:3      | Blown up by Ijyb
  1754 | D:3      | Killed Ijyb
  1849 | D:3      | Reached skill level 1 in Hexes
  2144 | D:3      | Found a runed translucent gate.
  2144 | D:3      | Found a runed translucent gate.
  2144 | D:3      | Noticed pigah's ghost (amateur OpSh)
  2145 | D:3      | Found a runed translucent gate.
  2209 | D:4      | Noticed Duvessa
  2226 | D:4      | Killed Duvessa
  2226 | D:4      | Noticed Dowan
  2227 | D:4      | Reached skill level 1 in Stealth
  2227 | D:4      | Reached skill level 1 in Spellcasting
  2227 | D:4      | Reached skill level 1 in Summonings
  2227 | D:4      | Gained mutation: You are covered in thick fur. (AC +2)
                  | [Felid growth]
  2227 | D:4      | Reached XP level 6. HP: 9/28 MP: 8/8
  2312 | D:4      | Killed Dowan
  2378 | D:4      | Found the +7 Kryia's mail coat {PotionHeal*2 rC+}
  2694 | D:4      | Found a shimmering blue altar of Sif Muna.
  2977 | D:4      | Reached XP level 7. HP: 21/31 MP: 10/10
  3193 | D:5      | Entered Level 5 of the Dungeon
  3342 | D:4      | Learned a level 3 spell: Ozocubu's Armour
  3399 | D:5      | Reached skill level 5 in Shapeshifting
  3640 | D:5      | Reached skill level 1 in Ice Magic
  3897 | D:5      | Reached XP level 8. HP: 27/34 MP: 5/12
  4112 | D:5      | Found Oqypniry's Mass Market.
  4649 | D:5      | Found a sacrificial altar of Ru.
  5572 | D:6      | Found a shimmering altar of Xom.
  5772 | D:6      | Noticed Maggie
  5785 | D:6      | Killed Maggie
  5942 | D:6      | Reached XP level 9. HP: 26/37 MP: 11/16
  6337 | D:6      | Found a runed translucent gate.
  6338 | D:6      | Found a runed translucent gate.
  6339 | D:6      | Found a runed translucent gate.
  6342 | D:6      | Noticed bmb222's ghost (novice MiFi)
  6343 | D:6      | Identified the +6 chain mail of Okawaru's Hatred {Rampage
                  | rN+++ Str+3 Dex-3}
  6747 | D:7      | Reached skill level 7 in Dodging
  7023 | D:6      | Reached skill level 8 in Dodging
  7182 | D:6      | Learned a level 2 spell: Blink
  7187 | D:6      | Learned a level 4 spell: Manifold Assault
  7375 | D:7      | Reached skill level 1 in Translocations
  7724 | D:7      | Found a staircase to the Ecumenical Temple.
  7733 | Temple   | Entered the Ecumenical Temple
  7791 | D:7      | Reached skill level 9 in Dodging
  8247 | D:8      | Noticed a troll
  8255 | D:8      | Killed a troll
  8256 | D:8      | Reached skill level 5 in Translocations
  8455 | D:8      | Noticed Erica
  8563 | D:8      | Noticed Amaemon
  8564 | D:8      | Noticed an orange demon
  8805 | D:7      | Killed Amaemon
  8806 | D:7      | Reached XP level 10. HP: 42/42 MP: 12/17
  8950 | D:8      | Killed an orange demon
  8951 | D:8      | Reached skill level 10 in Translocations
  9027 | D:8      | Killed Erica
  9028 | D:8      | Reached skill level 10 in Dodging
  9360 | D:8      | Noticed Gastronok
  9462 | D:8      | Noticed Psyche
  9576 | D:7      | HP: 1/39 [Psyche/chain of chaos (3)]
  9577 | D:7      | Succumbed to Psyche's arc of chaos
  9610 | D:7      | Killed Psyche
  9611 | D:7      | Reached skill level 5 in Fighting
  9897 | D:8      | Killed Gastronok
  9898 | D:8      | Reached skill level 12 in Dodging
 10018 | D:8      | Noticed Pikel
 10058 | D:8      | Killed Pikel
 10405 | D:9      | Noticed a two-headed ogre
 10550 | D:8      | Killed a two-headed ogre
 10551 | D:8      | Reached XP level 11. HP: 43/47 MP: 14/18
 11053 | D:9      | Found a staircase to the Lair.
 11474 | D:9      | Noticed a two-headed ogre
 11490 | D:9      | Killed a two-headed ogre
 11491 | D:9      | Reached skill level 13 in Dodging
 12121 | D:10     | Entered Level 10 of the Dungeon
 12121 | D:10     | Found a staircase to the Orcish Mines.
 12145 | D:10     | Found a hide-covered altar of Uskayaw.
 12145 | D:10     | Noticed a +0 dagger
 12145 | D:10     | Noticed a +0 hand axe
 12468 | D:9      | Reached skill level 14 in Dodging
 12851 | D:10     | Found a white marble altar of Elyvilon.
 12858 | D:10     | Found an iron altar of Okawaru.
 12956 | D:10     | Noticed a boulder beetle
 12991 | D:10     | Identified the +9 broad axe "Haqumn" {heavy, Contam rF+
                  | Int+6}
 12991 | D:10     | Noticed a centaur warrior
 13000 | D:10     | Noticed an eight-headed hydra
 13002 | D:10     | Shot with an arrow by a centaur warrior
 13004 | D:10     | Identified the +10 halberd "Gutzisoyzo" {pain, rPois Str+6}
 13004 | D:10     | Noticed a centaur warrior
 13019 | D:10     | Shot with an arrow by a centaur warrior
 13020 | D:10     | Found an ornate altar of the Wu Jian Council.
 13038 | D:10     | Slain by a centaur warrior

Illustrated notes

Levels and vault maps discovered:
D:1:      nicolae_arrival_kraken_aquarium_b, layout_basic,
          grunt_decor_one_mirror, minmay_heptomino_w4
D:2:      layout_loops_ring, minmay_bisected
D:3:      layout_loops_ring, ebering_ghost_rock_garden, uniq_ijyb, uniq_jessica
D:4:      layout_loops_ring, mainiacjoe_overflow_brackets, uniq_duvessa
D:5:      kennysheep_six_static_rooms, layout_gridville,
          nicolae_ru_sacrificial_ziggurat, minmay_shop_mass, st_stairs_10
D:6:      layout_basic, lemuel_coloured_pillars_altar,
          biasface_ghost_orc_armoury, uniq_maggie
D:7:      layout_rooms, minmay_temple_entry_poolview, minmay_hedge_maze,
          nicolae_lava_and_water
D:8:      layout_loops_ring, uniq_amaemon, uniq_psyche, uniq_gastronok,
          uniq_pikel, uniq_erica
D:9:      layout_loops_corners, due_lair_maze_entry_diamond
D:10:     minmay_the_grid_octo_tiled_squarecenter [minmay_the_grid_octo_horde,
          minmay_the_grid_octo_clover, minmay_the_grid_octo_pinwheel,
          minmay_the_grid_octo_teeth,
          minmay_the_grid_square_5x5_megaprize_crossed,
          minmay_the_grid_square_5x5_trominoes,
          minmay_the_grid_square_5x5_detours,
          minmay_the_grid_square_5x5_bracketed,
          minmay_the_grid_square_5x5_comb], layout_rooms, lemuel_round_altar,
          chequers_temple_overflow_minitemple, amethyst_overflow_temple_binary,
          dancing_weapons_uskayaw
Temple:   hellmonk_temple_flake

Skill      XL: |  1  2  3  4  5  6  7  8  9 10 11 |
---------------+----------------------------------+-----
Fighting       | 2 3 4 5 |  5.0
Dodging        | 3 5 6 9 12 14 | 14.6
Hexes          | 2 3 4 |  4.0
Stealth        | 1 2 3 4 |  4.0
Spellcasting   | 1 2 4 |  4.0
Summonings     | 1 2 3 4 |  4.0
Shapeshifting  | 4 6 7 8 9 |  9.0
Ice Magic      | 2 4 |  4.0
Translocations | 9 10 | 10.0
Unarmed Combat | |  3.0

Action                     |  1- 3 |  4- 6 |  7- 9 | 10-12 || total
---------------------------+-------+-------+-------+-------++-------
  Melee: Unarmed           |    75 |   120 |   220 |   198 ||   613
         Bite              |     7 |    16 |    37 |    25 ||    85
         Punch             |     3 |     3 |     4 |       ||    10
   Cast: Summon Guardian G |       |       |    49 |    55 ||   104
         Ozocubu's Armour  |       |       |    21 |    18 ||    39
         Blink             |       |       |     1 |     4 ||     5
         Manifold Assault  |       |       |       |    10 ||    10
  Evoke: Wand              |       |       |       |     5 ||     5
    Use: Potion            |     1 |     6 |       |       ||     7
         Scroll            |       |       |    10 |     1 ||    11
   Stab: Sleeping          |     3 |     2 |       |     1 ||     6
         Distracted        |       |       |     1 |       ||     1
 Armour: Skin              |    30 |    24 |    77 |    65 ||   196
  Dodge: Dodged            |    56 |    80 |   247 |   256 ||   639
   Form: Flux              |       |       |     1 |       ||     1

Table legend: (Time is in decaauts)
 A = Elapsed time spent in this place.
 B = Non-inter-level travel time spent in this place.
 C = Inter-level travel time spent in this place.
 D = Time resting spent in this place.
 E = Time spent auto-exploring this place.
 F = Levels seen in this place.
 G = Mean time per level.
                   A        B        C        D        E       F      G
               +--------+--------+--------+--------+--------+-----+--------+
         Total |  11526 |  10686 |    840 |   3022 |   3611 |  11 | 1047.8 |
       Dungeon |  11508 |  10668 |    840 |   3022 |   3611 |  10 | 1150.8 |
        Temple |     17 |     17 |      0 |      0 |      0 |   1 |   17.0 |
               +--------+--------+--------+--------+--------+-----+--------+

Top non-repeatable levels by time:
     D:6: 1861 daAuts
     D:9: 1782 daAuts
     D:7: 1755 daAuts
     D:5: 1560 daAuts
     D:8: 1310 daAuts
     D:4: 869 daAuts
     D:3: 760 daAuts
     D:2: 617 daAuts
     D:1: 613 daAuts
    D:10: 377 daAuts
  Temple: 17 daAuts
